 Dungeon Crawl Stone Soup version 0.28.0-43-g3370ac3207 (webtiles) character file.

Game seed: 6158607868295656552

136 ultragoat the Shield-Bearer (level 4, -18/41 HPs)
             Began as a Minotaur Fighter on Mar 20, 2022.
             Killed from afar by Ijyb (31 damage)
             ... with a bolt of acid
             ... on level 4 of the Dungeon.
             The game lasted 00:06:49 (1508 turns).

ultragoat the Shield-Bearer (Minotaur Fighter)      Turns: 1508, Time: 00:06:50

Health: -18/41     AC:  3    Str: 23    XL:     4   Next: 98%
Magic:  3/3        EV:  9    Int:  5    God:
Gold:   138        SH:  4    Dex:  9    Spells: 3/3 levels left

rFire   . . .      SeeInvis .   a - +0 war axe
rCold   . . .      Faith    .   c - +0 buckler
rNeg    . . .      Spirit   .   b - +0 scale mail
rPois   .          Reflect  .   (helmet restricted)
rElec   .          Harm     .   (no cloak)
rCorr   .          Rampage  .   (no gloves)
Will    +....                   (no boots)
Stlth   ..........              (no amulet)
HPRegen 0.13/turn               e - ring of willpower
MPRegen 0.08/turn               (no ring)

@: corroded
A: horns 2, retaliatory headbutt
a: no special abilities


You were on level 4 of the Dungeon.
You visited 1 branch of the dungeon, and saw 4 of its levels.

You collected 138 gold pieces.

Inventory:

Hand Weapons
 a - a +0 war axe (weapon)
Armour
 b - a +0 scale mail (worn)
 c - a +0 buckler (worn)
Jewellery
 e - a ring of willpower (left hand)
Scrolls
 f - a scroll of enchant armour {unknown}
 h - a scroll of fog {unknown}
 j - a scroll of teleportation {unknown}
 l - a scroll of magic mapping {unknown}
Potions
 d - a potion of might
 g - a potion of attraction {unknown}
 i - a potion of curing {unknown}


   Skills:
 + Level 4.6 Fighting
 + Level 3.8 Axes
 + Level 4.6 Armour
 + Level 4.6 Shields


You had 3 spell levels left.
You didn't know any spells.
Your spell library was empty.

Dungeon Overview and Level Annotations

Branches:
Dungeon (4/15)
 Temple: D:4-7

Altars:

Annotations:
D:3 Pargi
D:4 Ijyb


Innate Abilities, Weirdness & Mutations

You have a pair of horns on your head.
You reflexively headbutt those who attack you in melee.


Message History

A goblin comes into view. It is wielding a +0 club.
The goblin moves out of view.
You start resting.
A goblin is nearby!
The goblin shouts!
You closely miss the goblin. The goblin barely misses you.
You furiously retaliate!
You headbutt the goblin!
You kill the goblin!
You start resting.
HP restored.
Things that are here:
a +0 dagger; an orc skeleton
Things that are here:
a +0 dagger; a +0 robe; an orc corpse
Things that are here:
a +0 dagger; a +0 robe; a +0 dagger Ijyb the Twisted Goblin comes into view.
She is wielding a +0 club and carrying a wand of acid (8).
Ijyb shouts!
A water moccasin skeleton comes into view.
Ijyb zaps a wand.
The bolt of acid hits you! The acid corrodes you! You block Ijyb's attack.
You miss Ijyb. You block Ijyb's attack.
You miss Ijyb. You headbutt Ijyb.
Ijyb is lightly wounded.
You barely miss the water moccasin skeleton.
Ijyb hits you with a +0 club.
The water moccasin skeleton barely misses you. x2
Ijyb hits you with a +0 club.
You closely miss Ijyb.
Ijyb is lightly wounded.
You closely miss the water moccasin skeleton.
The water moccasin skeleton bites you!
Ijyb zaps a wand.
The bolt of acid misses you.
You closely miss Ijyb.
Ijyb is lightly wounded.
You barely miss the water moccasin skeleton.
The water moccasin skeleton bites you.
Ijyb zaps a wand.
The bolt of acid hits you!!
Ouch! That really hurt!
You die...

##.###.#.##...##
...........#.....#....
...........##..# .....
......##.......# ....
.......#.......# ..#
.....#.. #.....##..# ..
.....#.###)........###..
#...)).)..##.........
#...###.#....@g....#
#.##....#####..Z....###
........##.##...##..#
.##.##..##........###
###..).....#.#.).##
#.........#.##...#
..#.............#...#
..#....#........#..##
....##.#............#


You could see Ijyb and a water moccasin skeleton.

Vanquished Creatures
  An orc priest (D:4)
  2 orc wizards (D:4)
  An adder (D:3)
  An orc (D:4)
  6 bats
  5 endoplasms
  6 goblins
  6 hobgoblins
  4 quokkas
  4 ball pythons (D:1)
  A frilled lizard (D:3)
  4 kobolds
  6 rats (D:1)
47 creatures vanquished.

Notes
Turn   | Place    | Note
-------+----------+-------------------------------------------
     0 | D:1      | ultragoat the Minotaur Fighter began the quest for the Orb.
     0 | D:1      | Reached XP level 1. HP: 19/19 MP: 0/0
   322 | D:1      | Reached XP level 2. HP: 27/27 MP: 1/1
   533 | D:1      | Found a faded altar of an unknown god.
   990 | D:2      | Reached XP level 3. HP: 33/33 MP: 2/2
   999 | D:2      | You fall into a shaft and drop 1 floor!
  1173 | D:3      | Noticed Pargi
  1307 | D:4      | Reached XP level 4. HP: 17/41 MP: 3/3
  1500 | D:4      | Noticed Ijyb
  1508 | D:4      | Killed from afar by Ijyb

Illustrated notes

Levels and vault maps discovered:
D:1:      dpeg_arrival_arbitrary_a, layout_basic,
          dreamdust_ecumenical_altar_statues
D:2:      layout_basic
D:3:      layout_rooms, uniq_natasha, uniq_pargi
D:4:      layout_cave_pools, lemuel_round_altar, minmay_temple_entry_junction,
          uniq_ijyb, uniq_pikel

Skill      XL: |  1  2 |
---------------+-------+-----
Armour         | 4 |  4.6
Shields        | 4 |  4.6
Fighting       | 4 |  4.6
Axes           | 3 |  3.8

Action                   |  1- 3 |  4- 6 || total
-------------------------+-------+-------++-------
Melee: War axe           |    78 |     7 ||    85
       Headbutt          |     7 |     1 ||     8
Armor: Scale mail        |    44 |     1 ||    45
Dodge: Dodged            |    38 |     4 ||    42
Block: Buckler           |    15 |     2 ||    17
